 Dungeon Crawl Stone Soup version 0.18.1-48-g4cf74bf (console) character file.

1556 Kloppie the Blocker (level 8, -5/71 HPs)
             Began as a Centaur Fighter on Aug 2, 2016.
             Slain by Menkaure (16 damage)
             ... on level 5 of the Dungeon.
             The game lasted 00:07:22 (5447 turns).

Kloppie the Blocker (Centaur Fighter)               Turns: 5447, Time: 00:07:23

Health: -5/71      AC: 10    Str: 19    XL:     8   Next: 58%
Magic:  8/8        EV:  8    Int:  7    God:
Gold:   182        SH: 14    Dex: 11    Spells: 0 memorised, 7 levels left

rFire  . . .     SeeInvis +     a - +0 trident
rCold  + . .     Gourm    .     v - +0 ring mail {rC+}
rNeg   . . .     Faith    .     c - +0 shield
rPois  .         Spirit   .     y - +2 hat {SInv}
rElec  .         Dismiss  .     l - +1 cloak
rCorr  .         Reflect  +     (no gloves)
SustAt +         Harm     .     (no barding)
MR     .....                    d - +3 amulet of reflection
Stlth  ..........               (no ring)
                                q - ring of sustain attributes

@: very quick, not resistant to hostile enchantments, extremely unstealthy
A: hooves 3, deformed body, speed 2, tough skin 3
a: no special abilities


You were on level 5 of the Dungeon.
You were hungry.

You visited 1 branch of the dungeon, and saw 5 of its levels.

You collected 182 gold pieces.

Inventory:

Hand Weapons
 a - a +0 trident (weapon)
Armour
 b - a +0 scale mail
 c - a +0 shield (worn)
 l - a +1 cloak (worn)
 v - a +0 ring mail of cold resistance (worn)
 y - a +2 hat of see invisible (worn)
Jewellery
 d - a +3 amulet of reflection (around neck)
 j - a cursed -2 ring of dexterity {unknown}
 q - a ring of sustain attributes (left hand)
Scrolls
 e - a scroll of recharging {unknown}
 k - 3 scrolls of enchant armour
 m - a scroll of blinking
 n - 3 scrolls of remove curse
 o - a scroll of magic mapping {unknown}
 p - 2 scrolls of fear {unknown}
Potions
 g - a potion of cure mutation {unknown}
 r - a potion of curing {unknown}
 s - a potion of mutation {unknown}
 t - a potion of flight {unknown}
 u - a potion of haste {unknown}
 w - a potion of agility
Comestibles
 f - 2 bread rations
 h - a slice of pizza
 i - 2 fruits
 x - a chunk of flesh


   Skills:
 + Level 6.3 Fighting
 + Level 5.3 Polearms
 - Level 2.1 Armour
 - Level 9.9 Shields


You had 7 spell levels left.
You didn't know any spells.

Dungeon Overview and Level Annotations

Branches:
Dungeon (5/15)
 Temple: D:4-7

Altars:
Ru
Xom
Zin

Annotations:
D:5 Dickchan's ghost, novice NaBe; Menkaure


Innate Abilities, Weirdness & Mutations

You have hooves in place of feet.
Armour fits poorly on your strangely shaped body.
You cover ground very quickly.
You have extremely tough skin (AC +3).


Message History

Menkaure is severely damaged.
Menkaure calls on the powers of darkness!
Your body is wracked with pain!
* * * LOW HITPOINT WARNING * * *
You are too injured to fight recklessly!
You are too injured to fight recklessly!
You are too injured to fight recklessly!
You hit Menkaure but do no damage.
Menkaure is severely damaged.
You block Menkaure's attack.
Your ring mail prevents you from hitting Menkaure.
Menkaure is severely damaged.
You block Menkaure's attack.
Menkaure calls on the powers of darkness!
Your body is wracked with pain!
* * * LOW HITPOINT WARNING * * *
You hit Menkaure. Your kick misses Menkaure.
Menkaure is almost destroyed.
Menkaure hits you!
You die...

##...####
........#
.#.#.##.# .#.#.#
.. # .....# ## ##.
.#.### ##.# .#.#
### ..# .#.> ..#
#.#M# .#####.#
#.#@# .# #.# #.#.#
.# #.# #.#.# ##
#.# #.#.#
######.### #.#.#
.........#####...#
#..<...#........##
#.#############.#
#.######## #.#


You could see Menkaure.

Vanquished Creatures
  Grinder (D:4)
  Sigmund (D:4)
  Eustachio (D:4)
  A necrophage (D:3)
  A phantom (D:5)
  2 ogres (D:5)
  A howler monkey (D:4)
  A hound (D:4)
  3 orc wizards (D:4)
  An iguana (D:4)
  2 worker ants
  A worker ant zombie (D:5)
  A howler monkey skeleton (D:4)
  7 adders
  An adder skeleton (D:5)
  5 worms
  2 giant geckos
  3 orcs
  4 giant cockroaches
  3 goblins
  4 hobgoblins
  A quokka (D:4)
  A ball python (D:4)
  4 bats
  A giant gecko skeleton (D:4)
  2 giant newts
  6 kobolds
  3 rats (D:2)
64 creatures vanquished.

Vanquished Creatures (others)
  The ghost of Schimscham the Gusty, an amateur DrAE (D:3)
  An adder (D:3)
  A kobold (D:3)
  3 rats (D:3)
6 creatures vanquished.

Grand Total: 70 creatures vanquished

Notes
Turn   | Place    | Note
--------------------------------------------------------------
     0 | D:1      | Kloppie the Centaur Fighter began the quest for the Orb.
     0 | D:1      | Reached XP level 1. HP: 19/19 MP: 1/1
   103 | D:1      | You fall through a shaft!
   103 | D:2      | Found a glowing silver altar of Zin.
   106 | D:2      | Reached XP level 2. HP: 21/26 MP: 2/2
   620 | D:2      | Reached XP level 3. HP: 30/31 MP: 3/3
  1337 | D:3      | Noticed a necrophage
  1368 | D:3      | Killed a necrophage
  1368 | D:3      | Reached XP level 4. HP: 10/36 MP: 4/4
  1368 | D:3      | Reached XP level 5. HP: 12/42 MP: 5/5
  2135 | D:3      | Noticed Schimscham's ghost (amateur DrAE)
  2152 | D:3      | Killed Schimscham's ghost
  2152 | D:3      | Reached skill level 5 in Fighting
  2406 | D:3      | Reached XP level 6. HP: 51/51 MP: 6/6
  2410 | D:3      | Reached skill level 9 in Shields
  2410 | D:3      | Reached XP level 7. HP: 56/56 MP: 7/7
  2646 | D:4      | Found a sacrificial altar of Ru.
  2720 | D:4      | Found a sacrificial altar of Ru.
  2722 | D:4      | Noticed Eustachio
  2728 | D:4      | Killed Eustachio
  2941 | D:4      | Noticed Sigmund
  2972 | D:4      | HP: 3/61 [something/puff of flame (4)]
  3360 | D:4      | Noticed Grinder
  3433 | D:4      | Paralysed by Grinder for 2 turns
  3459 | D:4      | Killed Grinder
  3459 | D:4      | Reached XP level 8. HP: 46/70 MP: 8/8
  3976 | D:5      | Entered Level 5 of the Dungeon
  4604 | D:5      | Reached skill level 5 in Polearms
  4845 | D:5      | Found a shimmering altar of Xom.
  4929 | D:5      | Noticed Dickchan's ghost (novice NaBe)
  5216 | D:4      | Killed Sigmund
  5433 | D:5      | Noticed Menkaure
  5447 | D:5      | Slain by Menkaure

Skill      XL: |  1  2  3  4  5  6  7  8 |
---------------+-------------------------+-----
Polearms       | 2 3 4 5 |  5.3
Fighting       | 4 5 6 |  6.3
Shields        | 9 |  9.9
Armour         | |  2.1

Action                   |  1- 3 |  4- 6 |  7- 9 || total
-------------------------+-------+-------+-------++-------
Melee: Trident           |   102 |    50 |   207 ||   359
       Kick              |    15 |     7 |    55 ||    77
  Use: Potion            |       |     2 |     2 ||     4
       Scroll            |       |     3 |     2 ||     5
  Eat: Chunk             |     1 |     3 |     5 ||     9
       Fruit             |       |       |     3 ||     3
Armor: Scale mail        |    46 |    27 |    22 ||    95
       Ring mail         |       |       |     6 ||     6
Dodge: Dodged            |    32 |    14 |    25 ||    71
Block: Shield            |       |       |    73 ||    73
       Reflection        |       |       |     3 ||     3
